Unix NetHack Version 5.0.0-0 post-release - last build May  4 2026 22:22:43 (774f63e81ad911689b3a0859ea89b322d5daca8d,branch:main).

Game began 2026-05-07 10:33:57, ended 2026-05-07 11:39:02.

2459832143, lawful male human Knight

                               ---
                       ----   --.--
          --------------..-----...-
         ..............)....)......
         .^-----------------.--....
         ...               |.)......   ---
                    ---     --- .|...  |.--      ..-
                   --.----       --.......|     -%^|
                   |...|.--       |`......|    ...--
                   --.....----..|--......--   .@...
                    --..........--........... ...-----
                       ................ ........).....
                 ---   ...    ........   ---......----
                --.--. ...    -<..%.       -........
                |[)%......-   ---)%.-       .%......
                |.........|    --...|       .......
                 --.--....--   |...-|       ...)..
                  ---   ...|   --...|       -.--.|
                        -..|    --.--       ---
                        ----     ---
2459832143 the Esquire   St:15 Dx:8 Co:13 In:8 Wi:15 Ch:17  Lawful
Dlvl:4  $:49 HP:0(29) Pw:18(18) AC:3  Xp:3 T:1100  Blind Deaf

Latest messages:
 Your movements are now unencumbered.
 You are beginning to feel hungry.
 What do you want to eat? [ghz or ?*] g
 Core dumped.
 You see here a +0 dwarvish cloak.
 The gnome misses!
 The gnome hits!
 You are beginning to feel hungry.
 What do you want to eat? [ghz or ?*] g
 Blecch!  Rotten food!
 You kill the lichen!
 You see here a lichen corpse.
 You have a little trouble lifting a lichen corpse.  Continue? [ynq] (q) n
 You are hit by an orcish spear.
 You are beginning to feel hungry.
 You see here a lichen corpse.
 There is a lichen corpse here; eat it? [ynq] (n) y
 This lichen corpse tastes okay.
 You stop eating the lichen corpse.
 You see here a partly eaten lichen corpse.
 The gnome hits!
 You see here an orcish spear.
 You are hit by an arrow!
 You are hit by an orcish spear!
 You are momentarily blinded by a flash of light!
 You hear a deafening roar!
 Wait!  There's something there you can't see!
 It bites!
 It bites!
 Wait!  There's something there you can't see!
 It misses!
 It misses!
 It bites!
 It bites!
 You miss it.
 It bites!
 It bites!
 You kill it!
 It bites!
 It misses!
 You try to feel what is lying here on the floor.
 You feel here a jackal corpse.
 It misses!
 It bites!
 You die...
 Do you want your possessions identified? [ynq] (y) n
 Do you want to see your attributes? [ynq] (y) n
 Do you want an account of creatures vanquished? [ynaq] (y) n
 Do you want to see your conduct and achievements? [ynq] (y) n
 Do you want to see the dungeon overview? [ynq] (y) n

Inventory:
 Coins    ('$')
  $ - 49 gold pieces
 Weapons  (')')
  w - 2 +0 arrows
  s - 5 +0 crossbow bolts
  t - a blessed +1 crossbow
  x - 5 cursed -1 darts
  a - a +1 long sword (weapon in right hand)
  i - a +0 long sword
  b - a blessed +1 lance (alternate weapon; not wielded)
 Armor    ('[')
  d - an uncursed +0 helmet (being worn)
  f - an uncursed +0 pair of leather gloves (being worn)
  e - a blessed +0 small shield (being worn)
  c - an uncursed +1 ring mail (being worn)
 Comestibles  ('%')
  g - 5 uncursed apples
  h - 9 uncursed carrots
  z - an uncursed fortune cookie
 Potions  ('!')
  j - an uncursed potion of enlightenment
 Tools    ('(')
  n - an uncursed tooled horn
  l - an uncursed brass lantern
 Gems/Stones  ('*')
  q - an uncursed amethyst stone

2459832143 the Knight's attributes:

Background:
 You were an Esquire, a level 3 male human Knight.
 You were lawful, nominally on a mission for Lugh
 who was opposed by Brigit (neutral) and Manannan Mac Lir (chaotic).
 You were right-handed.
 You were in the Gnomish Mines, on level 4.
 You entered the dungeon 1100 turns ago.
 You had 73 experience points, 7 more were needed to attain level 4.

Basics:
 You had 0 out of 29 hit points.
 You had all 18 energy points (spell power).
 Your armor class was 3.
 Your wallet contained 49 zorkmids.
 Autopickup was off.

Final Characteristics:
 Your strength was 15 (limit:18/100).
 Your dexterity was 8 (limit:18).
 Your constitution was 13 (limit:18).
 Your intelligence was 8 (limit:18).
 Your wisdom was 15 (limit:18).
 Your charisma was 17 (limit:18).

Final Status:
 You were temporarily blind.
 You were deaf.
 You weren't hungry.
 You were unencumbered.
 You were wielding a long sword.
 You had basic skill with long sword.

Final Attributes:
 You were devoutly aligned.
 You could jump.
 You were warded.
 You are dead.

Miscellaneous:
 You didn't encounter any bones levels.
 Total elapsed playing time was 1 hour, 3 minutes and 29 seconds.

Major events:
 Turn
    1: 2459832143 the lawful male human Knight entered the dungeon
  801: entered the Gnomish Mines
  830: attained the rank of Esquire (level 3)
 1100: killed by a newt

You didn't know any spells.

Skills:
 Fighting Skills
   bare handed combat [Unskilled]
   two weapon combat  [Unskilled]
   riding             [Basic]
 Weapon Skills
   dagger             [Unskilled]
   knife              [Unskilled]
   axe                [Unskilled]
   pick-axe           [Unskilled]
   short sword        [Unskilled]
   broadsword         [Unskilled]
   long sword         [Basic]
   two-handed sword   [Unskilled]
   saber              [Unskilled]
   club               [Unskilled]
   mace               [Unskilled]
   morning star       [Unskilled]
   flail              [Unskilled]
   hammer             [Unskilled]
   polearms           [Unskilled]
   spear              [Unskilled]
   trident            [Unskilled]
   lance              [Basic]
   bow                [Unskilled]
   crossbow           [Unskilled]
 Spellcasting Skills
   attack spells      [Unskilled]
   healing spells     [Unskilled]
   clerical spells    [Unskilled]

Voluntary challenges:
 Character rerolling was not enabled.
 You followed a strict vegan diet.
 You were an atheist.
 You were illiterate.
 You never genocided any monsters.
 You never polymorphed an object.
 You never changed form.
 You used no wishes.
Achievements:
 You entered a shop.
 You entered the Gnomish Mines.
 You attained the rank of Esquire.

 The Dungeons of Doom: levels 1 to 4
    Level 1:
       A fountain.
    Level 2:
       A general store, an altar.
    Level 3:
       A fountain, a sink.
       Stairs down to The Gnomish Mines.
    Level 4:
 The Gnomish Mines:
    Level 4: <- You were here.
       Final resting place for
          you, killed by a newt.


Vanquished creatures:
  a gnome leader
  a dwarf
  a giant rat
  3 gnomes
  a gecko
  5 jackals
  2 foxes
  a goblin
  a sewer rat
  a lichen
  a newt
18 creatures vanquished.

No species were genocided or became extinct.

Game over:
                       ----------
                      /          \
                     /    REST    \
                    /      IN      \
                   /     PEACE      \
                  /                  \
                  |    2459832143    |
                  |      49 Au       |
                  | killed by a newt |
                  |                  |
                  |                  |
                  |                  |
                  |       2026       |
                 *|     *  *  *      | *
        _________)/\\_//(\/(/\)/\//\/|_)_______

Fare thee well 2459832143 the Knight...

You died in The Gnomish Mines on dungeon level 4 with 487 points,
and 49 pieces of gold, after 1100 moves.
You were level 3 with a maximum of 29 hit points when you died.

